Map: Invader LE

Players

capac - Winner!

  • Race: Terran Terran
  • League: Gold

A.I. 1 (Elite)

  • Race: Zerg Zerg

VOD

Have the link to the VOD?

Description

Time

  • Played on: April 12, 2016, 2:04 p.m.
  • Length: 13:07
Show
View Real Time Build Order
Export as new Build Order

capac Terran - Winner!

Build Orders: Reaper Expand, MMM Bio 

Get SALT Encoding   

  12  0:01  SCV  
  13  0:13  SCV  
  14  0:19  Supply Depot  
  14  0:26  SCV  
  15  0:41  SCV  
  16  0:42  Barracks  
  16  0:53  Refinery, SCV  
  17  1:05  SCV  
  18  1:17  SCV  
  19  1:30  Orbital Command  
  19  1:38  Reaper  
  20  1:43  Command Center  
  20  1:53  Supply Depot  
  20  1:56  SCV  
  21  2:10  Marine  
  21  2:12  Barracks  
  22  2:23  Factory  
  22  2:24  Refinery  
  22  2:25  SCV  
  23  2:34  Barracks Reactor  
  23  2:38  SCV  
  24  2:50  SCV  
  25  2:59  Orbital Command  
  25  3:03  Barracks Tech Lab  
  25  3:07  SCV  
  26  3:14  Starport  
  26  3:18  Marine x2  
  26  3:19  SCV  
  29  3:23  Factory Tech Lab  
  29  3:28  SCV  
  29  3:31  SCV  
  31  3:36  Marine  
  31  3:37  Marine x2  
  31  3:40  SCV  
  35  3:43  SCV  
  35  3:44  Siege Tank  
  39  3:52  SCV  
  39  3:55  SCV  
  41  3:58  Supply Depot  
  41  3:59  Engineering Bay  
  41  4:02  Marine x3  
  44  4:06  Starport Reactor  
  44  4:09  SCV x2  
  46  4:19  Siege Tank  
  46  4:20  Supply Depot  
  46  4:22  SCV  
  46  4:23  SCV  
  51  4:24  Marine x2  
  51  4:25  Marine  
  51  4:31  Supply Depot  
  54  4:39  Stimpack  
  54  4:41  SCV x2  
  54  4:42  Marine x2  
  54  4:43  Marine  
  59  4:51  Supply Depot  
  59  4:54  SCV x2  
  59  4:55  Supply Depot  
  59  4:58  Siege Tank  
  64  5:03  Marine  
  64  5:04  Marine  
  64  5:05  Marine  
  64  5:06  SCV x2  
  69  5:13  Medivac  
  71  5:18  Supply Depot  
  71  5:30  Command Center  
  71  5:35  SCV x2  
  73  5:37  Refinery  
  73  5:40  Refinery  
  73  5:46  Supply Depot  
  73  5:47  Medivac x2  
  73  5:48  SCV  
  73  5:49  SCV  
  79  5:50  Marine  
  80  6:05  Barracks  
  80  6:09  Barracks  
  80  6:12  SCV x2  
  80  6:13  Marine x3  
  85  6:19  Liberator  
  85  6:20  Liberator  
  85  6:25  SCV  
  85  6:26  SCV  
  85  6:27  Barracks  
  85  6:29  Supply Depot  
  85  6:31  Marine x3  
  85  6:32  Siege Tank  
  93  6:38  SCV  
  100  6:56  Barracks Reactor  
  100  6:57  Barracks Tech Lab, Combat Shields  
  100  7:03  Armory  
  100  7:09  Supply Depot  
  100  7:13  SCV  
  100  7:14  SCV  
  102  7:18  Orbital Command  
  102  7:21  Marine x2  
  102  7:22  Marauder x2  
  108  7:24  Concussive Shells  
  108  7:25  Liberator  
  108  7:28  Liberator  
  108  7:36  Marine x2  
  110  7:38  Barracks  
  110  7:39  Marine  
  110  7:40  Barracks Reactor  
  117  8:00  Marine x4  
  117  8:01  Marauder  
  117  8:02  Marauder  
  117  8:04  Engineering Bay  
  125  8:16  Marine  
  125  8:17  Marine  
  125  8:18  Marine x3  
  130  8:20  Supply Depot  
  130  8:23  Marauder  
  130  8:24  Supply Depot x2  
  130  8:26  Barracks Reactor  
  132  8:42  Marauder  
  116  9:14  Marine x6  
  116  9:15  Marauder, Marine x2  
  116  9:16  Marauder  
  124  9:17  SCV x2  
  124  9:23  Refinery  
  126  9:24  Refinery  
  126  9:25  Starport  
  126  9:27  Starport  
  126  9:29  SCV x2  
  128  9:32  Marine x2  
  128  9:33  Supply Depot  
  128  9:34  Terran Ship Weapons Level 1  
  128  9:36  Terran Infantry Weapons Level 1, Supply Depot, Terran Infantry Armor Level 1  
  128  9:37  Marauder  
  132  9:39  Supply Depot  
  132  9:40  Marine x6  
  137  10:15  Liberator x2  
  137  10:22  Marine x4  
  137  10:23  Marine x5  
  137  10:24  Marauder  
  153  10:42  Marine x4  
  146  10:43  Marine x5  
  146  10:45  Marauder  
  154  10:57  SCV x2  
  154  10:58  SCV  
  157  11:09  SCV  
  158  11:15  Marine x4  
  158  11:16  Marine x4  
  158  11:17  Marauder  
  168  11:36  Marine x4  
  168  11:37  Marine x5  
  177  11:41  Medivac x2  
  175  12:11  Medivac  
Show
View Real Time Build Order
Export as new Build Order

A.I. 1 (Elite) Zerg 

Build Orders: Pool First 

Get SALT Encoding   

  12  0:00  Drone  
  13  0:12  Overlord  
  13  0:17  Drone  
  14  0:30  Drone x2  
  16  0:43  Spawning Pool  
  16  0:45  Drone  
  16  0:49  Drone  
  17  1:12  Hatchery  
  17  1:13  Drone  
  17  1:16  Extractor  
  17  1:18  Drone  
  17  1:21  Extractor  
  17  1:24  Drone  
  17  1:28  Drone  
  18  1:38  Drone  
  19  1:49  Overlord  
  19  1:55  Queen  
  19  2:00  Zergling x2  
  22  2:10  Drone  
  23  2:23  Queen  
  23  2:26  Drone  
  26  2:33  Drone  
  27  2:38  Drone  
  27  2:42  Drone  
  29  2:53  Zergling x2  
  29  3:00  Roach Warren  
  29  3:01  Drone  
  29  3:05  Drone  
  30  3:08  Zergling x2  
  30  3:11  Zergling x2  
  32  3:17  Overlord  
  32  3:20  Drone  
  32  3:24  Drone  
  34  3:41  Roach  
  36  3:42  Roach x2  
  36  3:43  Roach  
  42  3:48  Lair  
  42  3:53  Overlord  
  42  3:58  Overlord  
  42  4:02  Zergling x2  
  43  4:12  Zergling x4, Drone  
  43  4:13  Drone  
  43  4:16  Drone  
  48  4:18  Drone  
  48  4:21  Drone  
  50  4:25  Roach  
  50  4:29  Roach  
  54  4:33  Overlord  
  54  4:41  Drone  
  54  4:43  Drone  
  54  4:45  Drone  
  57  4:48  Drone  
  57  4:50  Infestation Pit, Drone  
  58  4:54  Overlord  
  58  4:58  Overlord  
  58  5:01  Roach  
  58  5:06  Hydralisk Den  
  59  5:11  Drone  
  59  5:13  Drone  
  61  5:15  Drone  
  61  5:16  Drone  
  61  5:18  Drone  
  61  5:20  Drone  
  65  5:22  Drone  
  65  5:24  Drone  
  65  5:26  Drone  
  65  5:27  Drone  
  69  5:29  Drone  
  69  5:33  Drone  
  71  5:37  Hydralisk, Drone, Roach  
  71  5:38  Overlord  
  76  5:44  Hydralisk  
  76  5:46  Hydralisk  
  80  5:52  Hydralisk  
  80  5:56  Overlord, Hydralisk x2  
  86  6:04  Metabolic Boost  
  86  6:07  Evolution Chamber  
  85  6:13  Ravager  
  85  6:14  Evolution Chamber  
  85  6:16  Roach  
  87  6:19  Hatchery  
  86  6:25  Drone  
  86  6:28  Ravager  
  86  6:31  Evolution Chamber, Roach  
  89  6:33  Overlord, Zerg Melee Weapons Level 1  
  89  6:36  Roach  
  89  6:39  Zerg Missile Weapons Level 1  
  91  6:43  Extractor  
  91  6:44  Drone  
  91  6:48  Extractor  
  91  6:49  Drone  
  91  6:50  Spire  
  91  6:51  Drone  
  91  7:06  Spine Crawler, Drone x2  
  91  7:07  Drone  
  93  7:10  Overlord, Zerg Ground Armor Level 1, Drone x3  
  96  7:24  Spine Crawler  
  96  7:26  Drone  
  96  7:31  Queen  
  96  7:32  Drone x3  
  96  7:33  Drone x4  
  96  7:34  Drone  
  96  7:35  Overlord, Overseer  
  106  7:38  Drone  
  106  7:41  Drone  
  109  7:44  Drone x2  
  109  7:45  Extractor, Drone  
  109  7:47  Drone  
  109  7:49  Drone  
  112  7:51  Drone  
  112  7:53  Drone  
  112  7:54  Drone  
  112  7:57  Overlord  
  115  7:59  Drone  
  115  8:00  Drone  
  115  8:02  Drone  
  118  8:09  Glial Reconstitution, Pneumatized Carapace  
  118  8:10  Drone x2  
  120  8:13  Drone  
  120  8:14  Spore Crawler  
  120  8:15  Overlord, Mutalisk  
  120  8:16  Drone  
  120  8:19  Mutalisk  
  125  8:23  Hatchery  
  125  8:24  Drone  
  125  8:26  Mutalisk  
  127  8:28  Mutalisk  
  127  8:31  Mutalisk  
  127  8:33  Mutalisk  
  133  8:35  Overlord  
  133  8:41  Baneling Nest, Zergling x4  
  135  8:44  Zergling x2, Drone  
  135  8:45  Drone  
  135  8:47  Drone  
  128  8:48  Drone  
  114  9:02  Hydralisk  
  87  9:06  Roach  
  87  9:08  Roach  
  80  9:10  Zergling x2  
  80  9:12  Roach  
  80  9:15  Hydralisk  
  85  9:18  Hydralisk  
  85  9:20  Drone  
  85  9:22  Drone  
  85  9:24  Drone  
  90  9:25  Baneling, Drone  
  90  9:27  Drone  
  90  9:28  Hatchery  
  90  9:29  Drone  
  90  9:30  Drone  
  93  9:33  Drone  
  93  9:35  Drone  
  96  9:38  Drone  
  96  9:41  Roach, Drone  
  96  9:42  Drone  
  96  9:43  Drone  
  101  9:46  Drone  
  101  9:50  Drone  
  103  9:54  Roach, Drone x2  
  103  9:55  Drone  
  103  9:56  Drone  
  109  10:01  Roach  
  109  10:06  Roach, Hydralisk  
  113  10:09  Hydralisk  
  113  10:10  Zergling x4  
  113  10:12  Zergling x2  
  120  10:17  Zergling x2  
  120  10:18  Zergling x2  
  121  10:23  Drone  
  121  10:25  Zergling x2, Corruptor  
  121  10:26  Zergling x2  
  126  10:29  Zergling x2  
  126  10:34  Drone  
  118  10:38  Drone  
  118  10:39  Roach, Drone  
  118  10:40  Drone  
  118  10:42  Drone  
  113  10:47  Roach  
  113  10:48  Baneling x2  
  113  10:49  Baneling  
  89  10:50  Zergling x2  
  92  10:57  Roach, Hydralisk  
  92  11:00  Hydralisk  
  92  11:02  Hatchery  
  92  11:03  Hydralisk  
  99  11:06  Drone  
  99  11:08  Drone  
  99  11:09  Roach  
  100  11:11  Drone  
  100  11:13  Drone  
  100  11:16  Drone  
  92  11:20  Drone  
  92  11:23  Drone  
  87  11:29  Drone x2  
  87  11:30  Drone  
  62  11:57  Zergling x2  
  60  12:02  Hydralisk, Roach x2  
  8  12:45  Drone  
Tags
 
Composition
MMM Bio
League
Gold
Matchup
TvZ
Add a new tag
Caveats
  • Supply blocks, unpowered buildings, or Contaminate may cause inaccurate times.
  • Supply counts are checked every 10 seconds.